 Dungeon Crawl Stone Soup version 0.28-a0-1236-gb25a51b929 (webtiles) character file.

Game seed: 8388702026319747250

159 porpoise the Conjurer (level 5, 0/28 HPs)
             Began as a Deep Elf Conjurer on Dec 26, 2021.
             Slain by an ogre (28 damage)
             ... on level 4 of the Dungeon.
             The game lasted 00:07:13 (2785 turns).

porpoise the Conjurer (Deep Elf Conjurer)           Turns: 2785, Time: 00:07:14

Health: 0/28       AC:  4    Str:  4    XL:     5   Next: 17%
Magic:  12/14      EV: 12    Int: 25    God:
Gold:   132        SH:  0    Dex: 13    Spells: 3/14 levels left

rFire   . . .      SeeInvis .   a - +2 short sword (speed)
rCold   . . .      Faith    .   (no shield)
rNeg    . . .      Spirit   .   g - +0 robe
rPois   .          Reflect  .   (no helmet)
rElec   .          Harm     .   (no cloak)
rCorr   .          Rampage  .   (no gloves)
Will    .....                   n - +1 pair of boots
Stlth   ++........              (no amulet)
HPRegen 0.09/turn               (no ring)
MPRegen 0.14/turn               (no ring)

@: no status effects
A: no striking features
a: no special abilities


You were on level 4 of the Dungeon.
You visited 1 branch of the dungeon, and saw 4 of its levels.

You collected 132 gold pieces.

Inventory:

Hand Weapons
 a - a +2 short sword of speed (weapon)
 k - a +2 dagger of venom
Missiles
 e - 96 stones
 m - 42 sling bullets
 q - 14 poisoned darts
Armour
 f - a scarf of harm
 g - a +0 robe (worn)
 n - a +1 pair of boots (worn)
Jewellery
 r - a ring of protection from fire
Scrolls
 b - 3 scrolls of identify {unknown}
 c - a scroll of immolation {unknown}
 d - a scroll of noise {unknown}
 h - a scroll of blinking {unknown}
 i - a scroll of enchant weapon {unknown}
 l - a scroll of torment {unknown}
 o - a scroll of teleportation {unknown}
Potions
 j - 2 potions of curing {unknown}
 p - a potion of mutation {unknown}
 s - a potion of brilliance {unknown}
 t - a potion of cancellation {unknown}


   Skills:
 - Level 2.4 Dodging
 + Level 3.8 Stealth
 * Level 5.1 Spellcasting
 - Level 5.2 Conjurations
 * Level 2.0 Hexes


You had 3 spell levels left.
You knew the following spells:

 Your Spells              Type           Power      Damage    Failure   Level
a - Magic Dart            Conj           100%       1d8       1%          1
b - Searing Ray           Conj           64%        2d6       1%          2
c - Fulminant Prism       Conj/Hex       12%        3d9       19%         4
d - Iskenderun's Mystic   Conj/Tloc      19%        2d6       26%         4

Your spell library contained the following spells:

 Spells                   Type           Power      Damage    Failure   Level
 Dazzling Flash           Conj/Hex       48%        N/A       5%          3
 Ensorcelled Hibernation  Hex/Ice        22%        N/A       9%          2
 Tukima's Dance           Hex            16%        N/A       11%         3


Dungeon Overview and Level Annotations

Branches:
Dungeon (3/15)

Altars:
Hepliaklqana


Message History

Aim: a giant cockroach (asleep, 100% to hit)
The searing ray hits the giant cockroach.
You kill the giant cockroach! (Press . to maintain the ray.) Unknown command.
s - an amethyst potion An ufetubus comes into view.
The ufetubus shouts!
Casting: Searing Ray (safe; 1% risk of failure)
Confirm with . or Enter, or press ? or * to list all spells.
Aiming: Searing Ray (safe; 1% risk of failure)
Press: ? - help, Shift-Dir - straight line, f - ufetubus
Aim: an ufetubus (68% to hit)
The searing ray hits the ufetubus!
You kill the ufetubus! (Press . to maintain the ray.)
Your Hexes skill increases to level 2!
You start resting.
Magic restored.
You now have 132 gold pieces (gained 8).
Found a spear.
t - an inky potion An ogre comes into view.
It is wielding a +0 giant club.
Found an escape hatch in the floor.
The ogre shouts!
Casting: Searing Ray (safe; 1% risk of failure)
Confirm with . or Enter, or press ? or * to list all spells.
The spell is potentially lethal to miscast (26% risk of failure)!
Continue anyway?
Okay, then.
Casting: Iskenderun's Mystic Blast (potentially lethal; 26% risk of failure)
Confirm with . or Enter, or press ? or * to list all spells.
Aiming: Searing Ray (safe; 1% risk of failure)
Press: ? - help, Shift-Dir - straight line, f - ogre
Aim: an ogre, wielding a +0 giant club (91% to hit)
The searing ray hits the ogre.
The ogre is lightly wounded. (Press . to maintain the ray.)
The ogre hits you with a +0 giant club!!
Ouch! That really hurt!
You die...

....#....## #.# ###
.##.......# #.#
.###.#...###########.#
.# #...............#.#
.# ####..#.###.......#
.# #..#.# #####.### .#
#..#.# #.# ..
...#.#######.#
##.##)....O@..#
#.......######
#.#####. #. ###### #.
#..... .> #.#### #.
#.# #. #.# #.#


You could see an ogre.

Vanquished Creatures
  A scorpion (D:4)
  An iguana (D:4)
  An ufetubus (D:4)
  2 worms (D:2)
  A dart slug (D:4)
  8 ball pythons
  8 bats
  7 endoplasms
  3 giant cockroaches
  3 goblins
  6 hobgoblins
  7 kobolds
  4 quokkas
  A frilled lizard (D:1)
  6 rats
59 creatures vanquished.

Notes
Turn   | Place    | Note
-------+----------+-------------------------------------------
     0 | D:1      | porpoise the Deep Elf Conjurer began the quest for the Orb.
     0 | D:1      | Reached XP level 1. HP: 10/10 MP: 6/6
   251 | D:1      | Reached XP level 2. HP: 15/15 MP: 5/8
   316 | D:1      | Found a faded altar of an unknown god.
   481 | D:1      | Learned a level 2 spell: Searing Ray
  1093 | D:2      | Reached XP level 3. HP: 19/19 MP: 6/10
  1186 | D:2      | Found a hazy altar of Hepliaklqana.
  1313 | D:2      | Reached skill level 5 in Conjurations
  2038 | D:3      | You fall into a shaft and drop 1 floor!
  2051 | D:4      | Reached XP level 4. HP: 10/24 MP: 1/12
  2056 | D:4      | Learned a level 4 spell: Fulminant Prism
  2061 | D:4      | Learned a level 4 spell: Iskenderun's Mystic Blast
  2470 | D:4      | Noticed a scorpion
  2478 | D:4      | Killed a scorpion
  2479 | D:4      | Reached skill level 5 in Spellcasting
  2479 | D:4      | Reached skill level 1 in Hexes
  2479 | D:4      | Reached XP level 5. HP: 28/28 MP: 4/14
  2782 | D:4      | Noticed an ogre
  2785 | D:4      | Slain by an ogre

Illustrated notes

Levels and vault maps discovered:
D:1:      scummos_arrival_simple_crosswalls, layout_basic,
          dreamdust_ecumenical_altar_statues
D:2:      layout_basic, basic_altar, st_stairs_5
D:3:      layout_rooms, minmay_statues_item
D:4:      layout_loops_corners

Skill      XL: |  1  2  3  4  5 |
---------------+----------------+-----
Stealth        | 3 |  3.8
Spellcasting   | 4 5 |  5.1
Conjurations   | 5 |  5.2
Hexes          | 1 2 |  2.0
Dodging        | |  2.4

Action                   |  1- 3 |  4- 6 || total
-------------------------+-------+-------++-------
 Cast: Magic Dart        |    73 |       ||    73
       Searing Ray       |    10 |     8 ||    18
Armor: Robe              |     1 |       ||     1
Dodge: Dodged            |     3 |     3 ||     6

Table legend: (Time is in decaauts)
 A = Elapsed time spent in this place.
 B = Non-inter-level travel time spent in this place.
 C = Inter-level travel time spent in this place.
 D = Time resting spent in this place.
 E = Time spent auto-exploring this place.
 F = Levels seen in this place.
 G = Mean time per level.
                   A        B        C        D        E       F      G
               +--------+--------+--------+--------+--------+-----+--------+
         Total |   2784 |   2737 |     47 |    964 |   1425 |   4 |  696.0 |
       Dungeon |   2784 |   2737 |     47 |    964 |   1425 |   4 |  696.0 |
               +--------+--------+--------+--------+--------+-----+--------+

Top non-repeatable levels by time:
     D:1: 1097 daAuts
     D:2: 940 daAuts
     D:4: 746 daAuts
